Unix NetHack Version 5.0.0-0 post-release - last build Jun 10 2026 00:39:30 (3ee93aec679c4c4259841fe613dc97188e26a321,branch:main).

Game began 2026-06-25 17:20:46, ended 2026-06-25 17:52:51.

GdeVolpiano, neutral female human Tourist

                  --------
  -----------     |......|             ------                      ----------
  |>{.).....-###  |......|             |....|            -----     |..!!%%%%|
  |.........|  ###.......|             |....|          ##-...|     |!.]]%%%(|
  |..........#####----.---     ###    #.....|           #|[..|     |].%%%%%%|
  ----.------    ###############      #|....|          ##|>..|     |%.%%%%%(
                  #####################---.--r    #######[...|       .....
                      #               #######r@r###   #  |....##      -|-
                      #               ) #   #r        #  ----- ##     ##
                      ###        ###)####    #        #         #     #
         #            ############    #      #        #         #     #
         #            #-.----         #      #        #         ##    #
         #            #|....|         #  ----.------  #          #    #
  -------.---         #|....|         #  |.........|  #          #    #
  |.........|         #|<....#        #  |.........|###          #----%--
  |.........|         #|....|####-----#  |..........#            #|.....|
  |.......0..##########------   #....-#  |.........|             #|.....|
  |........0|                    |...|   -----------             #......|
  ----------                     -----                            -------

GdeVolpiano the Excursionist  St:12 Dx:10 Co:14 In:15 Wi:9 Ch:16  Neutral
Dlvl:4  $:0  HP:0(50) Pw:20(20) AC:-3 Xp:6 T:4527  Hungry  

Latest messages:
 The dwarf wields a dagger!
 The dwarf picks up a rusty iron skull cap.
 You hit the dwarf.
 The dwarf thrusts her dagger.
 The dwarf hits!
 You kill the dwarf!
 There is an open door here.
 There are several objects here.
 You hit the shrieker!
 You hit the shrieker.
 You kill the shrieker!
 Where do you want to travel to?
 (For instructions type a '?')
 You hit the gray ooze!
 You miss the gray ooze.
 The gray ooze bites!
 Your white-handed shield rusts!
 You hit the gray ooze.
 You hit the gray ooze!
 You kill the gray ooze!
 You see here a small glob of gray ooze.
 Where do you want to travel to?
 (For instructions type a '?')
 The wererat changes into a rat.
 The wererat bites!
 You miss the wererat.
 The wererat summons help!
 A sewer rat suddenly appears next to you!
 A sewer rat suddenly appears next to you!
 A sewer rat suddenly appears next to you!
 The wererat misses!
 You kill the sewer rat!
 The sewer rat misses!
 The sewer rat misses!
 The wererat bites!
 You miss the sewer rat.
 The sewer rat misses!
 The sewer rat bites!
 The sewer rat misses!
 The wererat bites!
 #
 Are you sure you want to pray? [yn] (n)
 You begin praying to The Lady.
 The sewer rat bites!
 The sewer rat bites!
 The sewer rat misses!
 The wererat bites!
 You avoid harm.
 You die...
 Do you want your possessions identified? [ynq] (y)

Inventory:
 Weapons  (')')
  h - a +0 dwarvish short sword (weapon in right hand)
 Armor    ('[')
  i - an uncursed +0 dwarvish iron helm (being worn)
  j - a blessed +0 pair of iron shoes (being worn)
  y - an uncursed rusty +0 Uruk-hai shield (being worn)
  m - an uncursed +3 dwarvish cloak (being worn)
  n - an uncursed +0 dwarvish mithril-coat (being worn)
 Comestibles  ('%')
  d - 2 uncursed figs
  e - 2 uncursed cram rations
  b - 6 uncursed food rations
  Y - an uncursed pancake
  f - 2 uncursed tripe rations
  c - an uncursed egg
 Wands    ('/')
  A - a wand of lightning (0:3)
  T - a wand of magic missile (0:2)
 Tools    ('(')
  l - an uncursed credit card
  r - a +0 pick-axe

GdeVolpiano the Tourist's attributes:

Background:
 You were an Excursionist, a level 6 female human Tourist.
 You were neutral, on a mission for The Lady
 who was opposed by Blind Io (lawful) and Offler (chaotic).
 You were right-handed.
 You were in the Dungeons of Doom, on level 4.
 You entered the dungeon 4527 turns ago.
 You had 453 experience points, 187 more were needed to attain level 7.

Basics:
 You had 0 out of 50 hit points.
 You had all 20 energy points (spell power).
 Your armor class was -3.
 Your wallet was empty.
 Autopickup was on for '$?!/="+' plus thrown, with exceptions.

Final Characteristics:
 Your strength was 12 (limit:18/100).
 Your dexterity was 10 (limit:18).
 Your constitution was 14 (limit:18).
 Your intelligence was 15 (limit:18).
 Your wisdom was 9 (limit:18).
 Your charisma was 16 (limit:18).

Final Status:
 You were hungry.
 You were unencumbered.
 You were wielding a short sword.
 You had basic skill with short sword.

Final Attributes:
 You were piously aligned.
 Your items were somewhat protected from fire.
 Your items were somewhat protected from cold.
 You were telepathic.
 You were guarded.
 You are dead.

Miscellaneous:
 You didn't encounter any bones levels.
 Total elapsed playing time was 32 minutes and 3 seconds.

Major events:
 Turn
    1: GdeVolpiano the neutral female human Tourist entered the dungeon
 1181: attained the rank of Sightseer (level 3)
 1625: read a Discworld novel
 2552: entered the Gnomish Mines
 3695: attained the rank of Excursionist (level 6)
 4527: killed by a wererat, while praying

You didn't know any spells.

Skills:
 Fighting Skills
   bare handed combat [Unskilled]
   two weapon combat  [Unskilled]
   riding             [Unskilled]
 Weapon Skills
   dagger             [Unskilled]
   knife              [Unskilled]
   axe                [Unskilled]
   pick-axe           [Unskilled]
   short sword        [Basic]
   broadsword         [Unskilled]
   long sword         [Unskilled]
   two-handed sword   [Unskilled]
   saber              [Unskilled]
   mace               [Unskilled]
   morning star       [Unskilled]
   flail              [Unskilled]
   hammer             [Unskilled]
   quarterstaff       [Unskilled]
   polearms           [Unskilled]
   spear              [Unskilled]
   trident            [Unskilled]
   lance              [Unskilled]
   bow                [Unskilled]
   sling              [Unskilled]
   crossbow           [Unskilled]
   dart               [Skilled]
   shuriken           [Unskilled]
   boomerang          [Unskilled]
   whip               [Unskilled]
   unicorn horn       [Unskilled]
 Spellcasting Skills
   divination spells  [Unskilled]
   enchantment spells [Unskilled]
   escape spells      [Unskilled]

Voluntary challenges:
 Character rerolling was not enabled.
 You never genocided any monsters.
 You never polymorphed an object.
 You never changed form.
 You used no wishes.
Achievements:
 You entered a shop.
 You attained the rank of Sightseer.
 You read from a Discworld novel.
 You entered the Gnomish Mines.
 You attained the rank of Excursionist.

 The Dungeons of Doom: levels 1 to 5
    Level 1:
       Some fountains, a sink, a grave.
    Level 2: "tempstash"
       A fountain.
    Level 3:
       A scroll shop, a fountain.
    Level 4: <- You were here.
       A food shop, a fountain.
       Stairs down to The Gnomish Mines.
       Final resting place for
          you, killed by a wererat, while praying.
    Level 5:
 The Gnomish Mines:
    Level 5:


Vanquished creatures:
  3 Uruk-hai
  a rock piercer
  a rock mole
  2 shriekers
  a gnome leader
  a gray ooze
  a little dog
  3 floating eyes
  4 dwarves
  a rabid rat
  a centipede
  a monkey
  a wererat
  2 werejackals
  2 iguanas
  4 coyotes
  2 gas spores
  a hobbit
  a large kobold
  2 giant rats
  3 cave spiders
  a red mold
 10 gnomes
  9 garter snakes
  2 geckos
 14 jackals
  a kobold
  5 goblins
  5 sewer rats
  4 grid bugs
  a bat
  6 lichens
  3 kobold zombies
  6 newts
105 creatures vanquished.

No species were genocided or became extinct.

Game over:
                       ----------
                      /          \
                     /    REST    \
                    /      IN      \
                   /     PEACE      \
                  /                  \
                  |   GdeVolpiano    |
                  |       0 Au       |
                  |   killed by a    |
                  |     wererat      |
                  |                  |
                  |                  |
                  |       2026       |
                 *|     *  *  *      | *
        _________)/\\_//(\/(/\)/\//\/|_)_______

Aloha GdeVolpiano the Tourist...

You died in The Dungeons of Doom on dungeon level 4 with 2032 points,
and 0 pieces of gold, after 4527 moves.
You were level 6 with a maximum of 50 hit points when you died.

